 Dungeon Crawl Stone Soup version 0.29-a0-887-gcbe080d7e0 (webtiles) character file.

Game seed: 16710869114975108481

61 IdlyInterested the Chopper (level 3, 0/27 HPs)
             Began as a Demonspawn Wanderer on July 21, 2022.
             Slain by a worm (3 damage)
             ... on level 3 of the Dungeon.
             The game lasted 00:07:17 (2260 turns).

IdlyInterested the Chopper (Demonspawn Wanderer)    Turns: 2260, Time: 00:07:17

Health: 0/27       AC:  5    Str: 12    XL:     3   Next: 83%
Magic:  4/4        EV: 12    Int: 13    God:
Gold:   107        SH:  4    Dex: 22    Spells: 0/4 levels left

rFire   . . .      SeeInvis +   a - +2 hand axe
rCold   . . .      Faith    .   k - +0 buckler
rNeg    . . .      Spirit   .   h - +0 ring mail
rPois   .          Reflect  .   (helmet restricted)
rElec   .          Harm     .   (no cloak)
rCorr   .          Rampage  .   (no gloves)
Will    .....                   (no boots)
Stlth   ++........              (no amulet)
HPRegen 0.09/turn               c - +6 ring of dexterity
MPRegen 0.09/turn               (no ring)

@: no status effects
A: repulsion field 1, weakness stinger 1, antennae 1, thin skeletal structure 1,
see invisible
a: no special abilities


You were on level 3 of the Dungeon.
You visited 1 branch of the dungeon, and saw 3 of its levels.

You collected 107 gold pieces.

Inventory:

Hand Weapons
 a - a +2 hand axe (weapon)
 j - a +1 whip of electrocution
Missiles
 b - 6 boomerangs (quivered)
Armour
 e - a +0 leather armour
 h - a +0 ring mail (worn)
 k - a +0 buckler (worn)
Jewellery
 c - a +6 ring of dexterity (left hand)
Wands
 f - a wand of flame (33)
Scrolls
 i - a scroll of magic mapping
 l - a scroll of teleportation
Potions
 d - a potion of lignification
 g - a potion of mutation


   Skills:
 + Level 1.7 Fighting
 * Level 3.2 Axes
 - Level 1.0 Throwing
 + Level 1.1 Armour
 - Level 1.0 Dodging
 - Level 1.0 Stealth
 - Level 1.0 Spellcasting
 * Level 2.3 Ice Magic
 - Level 1.0 Evocations


You couldn't memorise any spells.
You knew the following spells:

 Your Spells              Type           Power      Damage    Failure   Level
a - Freeze                Ice            24%        1d5       32%         1
b - Frozen Ramparts       Ice            12%        1d3       69%         3

Your spell library contained the following spells:

 Spells                   Type           Power      Damage    Failure   Level
 Necrotise                Necr           0%         1d4       65%         1
 Vampiric Draining        Necr           0%         2d6       95%         3
 Agony                    Necr           0%         N/A       100%        5


Dungeon Overview and Level Annotations

Branches:
Dungeon (3/15)

Altars:
Okawaru


Innate Abilities, Weirdness & Mutations

You are surrounded by a mild repulsion field. (EV +2)
You have a small tail.
You have a pair of small antennae on your head.
You have a somewhat thin skeletal structure. (Dex +2, Stealth+)
You have supernaturally acute eyesight. (SInv)


Message History

You hit the adder.
Your tail-slap misses the adder.
The adder is almost dead.
You barely miss the worm.
You hit the giant cockroach but do no damage.
You feel sick. The giant cockroach misses you. The adder bites you.
The worm barely misses you.
Unknown command.
You closely miss the adder. You tail-slap the adder.
You kill the adder!
You hit the giant cockroach. You hit the worm.
You feel sick.
The giant cockroach barely misses you. x2
You closely miss the giant cockroach.
You tail-slap the giant cockroach, but do no damage.
The giant cockroach is heavily wounded.
You hit the worm.
You feel sick.
You are no longer poisoned.
The giant cockroach closely misses you. The worm bites you but does no damage.
You closely miss the giant cockroach.
The giant cockroach is moderately wounded.
You hit the worm. You block the giant cockroach's attack.
The worm completely misses you.
You barely miss the giant cockroach.
The giant cockroach is moderately wounded.
You hit the worm. You block the giant cockroach's attack.
The giant cockroach barely misses you. You block the worm's attack.
You hit the giant cockroach.
You kill the giant cockroach!
You hit the worm. You hit the worm but do no damage.
The worm is severely wounded.
The worm bites you!
* * * LOW HITPOINT WARNING * * *
Unknown command.
Okay, then.
You hit the worm.
The worm is almost dead.
You barely miss the giant cockroach.
The giant cockroach bites you but does no damage.
The giant cockroach misses you. The worm bites you.
You die...

**,* *,,***,*,*,*,*,***,* *,*
#..***,,,*,*,,,***,* *,*
#...,,***,,,***,,,,* *,*
#...*,*,*,*,*,*,*,,* *#.#######
#...,,**,*,*,**,,,,**
,.......<####..#**,,*.#,*,,***,**
,..#####.......#,,,#.#,*,*,,,*,,,
,,,,,**.>......###..#,#.*,,***,**
,,,,,*#..#####..@B#*,#.*,**,,,,**
,,,,,,....,* #..#w#,*.#,*,*.#,,**
,*,**##..#,*##....###.,,###.,,,*
,*,* #..#.##..###...#,*...#**.#
,*,***#........###.#.#,*.#.#*#.#
,,,,,,,..#......##...###...##..#
*,,,*****######...............#*
,,,,,** ***##.######..#...#* *
,,,,,,** **,**#.# #.###.## **


You could see a worm and a giant cockroach.

Vanquished Creatures
  3 adders
  A worm (D:2)
  A dart slug (D:2)
  2 orcs (D:3)
  2 ball pythons
  3 bats
  3 endoplasms
  A giant cockroach (D:3)
  4 goblins
  2 frilled lizards (D:1)
  5 kobolds
  A rat (D:2)
28 creatures vanquished.

Notes
Turn   | Place    | Note
-------+----------+-------------------------------------------
     0 | D:1      | IdlyInterested the Demonspawn Wanderer began the quest for
                  | the Orb.
     0 | D:1      | IdlyInterested set off with the following items: a +2 hand
                  | axe, 7 boomerangs, a +0 dagger, a potion of lignification,
                  | a +0 leather armour; and the following spell memorised:
                  | Freeze; and the following spells available to memorise:
                  | Frozen Ramparts.
     0 | D:1      | Reached XP level 1. HP: 15/15 MP: 2/2
   289 | D:1      | Gained mutation: You have a small tail. [demonic ancestry]
   289 | D:1      | Reached XP level 2. HP: 17/21 MP: 3/3
   556 | D:1      | Found a faded altar of an unknown god.
   689 | D:1      | Reached skill level 1 in Dodging
  1031 | D:2      | Found an iron altar of Okawaru.
  1744 | D:2      | Reached skill level 3 in Axes
  1744 | D:2      | Reached skill level 1 in Stealth
  1744 | D:2      | Gained mutation: You are surrounded by a mild repulsion
                  | field. (EV +2) [demonic ancestry]
  1744 | D:2      | Reached XP level 3. HP: 17/26 MP: 4/4
  1973 | D:2      | Learned a level 3 spell: Frozen Ramparts
  2110 | D:3      | Gained mutation: You have a somewhat thin skeletal
                  | structure. (Dex +2, Stealth+) [potion of mutation]
  2110 | D:3      | Gained mutation: You have supernaturally acute eyesight.
                  | (SInv) [potion of mutation]
  2110 | D:3      | Gained mutation: You have a pair of small antennae on your
                  | head. [potion of mutation]
  2260 | D:3      | Slain by a worm

Illustrated notes

Levels and vault maps discovered:
D:1:      dpeg_arrival_boxes_within_box, layout_loops_ring,
          dreamdust_ecumenical_altar_statues, grunt_decor_resistance
D:2:      layout_basic, basic_altar
D:3:      layout_loops_corners, minmay_starry_boxes

Skill      XL: |  1  2 |
---------------+-------+-----
Dodging        | 1 |  1.0
Ice Magic      | 2 |  2.3
Axes           | 3 |  3.2
Stealth        | 1 |  1.0
Fighting       | |  1.7
Throwing       | |  1.0
Armour         | |  1.1
Spellcasting   | |  1.0
Evocations     | |  1.0

Action                   || total
-------------------------++-------
Melee: Hand axe          ||    63
       Tailslap          ||     9
       Punch             ||     1
Throw: Boomerang         ||    19
 Cast: Freeze            ||     4
  Use: Scroll            ||     4
       Potion            ||     1
 Stab: Sleeping          ||     1
Armor: Leather armour    ||     7
       Ring mail         ||     9
Dodge: Dodged            ||    39
Block: Buckler           ||     6

Table legend: (Time is in decaauts)
 A = Elapsed time spent in this place.
 B = Non-inter-level travel time spent in this place.
 C = Inter-level travel time spent in this place.
 D = Time resting spent in this place.
 E = Time spent auto-exploring this place.
 F = Levels seen in this place.
 G = Mean time per level.
                   A        B        C        D        E       F      G
               +--------+--------+--------+--------+--------+-----+--------+
         Total |   2275 |   1952 |    323 |    410 |   1255 |   3 |  758.3 |
       Dungeon |   2275 |   1952 |    323 |    410 |   1255 |   3 |  758.3 |
               +--------+--------+--------+--------+--------+-----+--------+

Top non-repeatable levels by time:
     D:1: 1107 daAuts
     D:2: 999 daAuts
     D:3: 169 daAuts
